Punishers vs Eagles
Created - July 11, 2022 at 23:52
Goals
|
Punishers |
1 |
1 |
0 |
2 |
Eagles |
1 |
1 |
3 |
5 |
|
Shots
|
Punishers |
10 |
17 |
10 |
37 |
Eagles |
19 |
7 |
10 |
36 |
|
1st period
1. Eagles , Nick Cousins 1 (Connor Carrick 1, Daniel Carr 1) at 13:32
2. Punishers , Corey Tropp 1 (Radek Faksa 3) at 13:53
Penalties :
Jarred Tinordi (Col) for Roughing (Minor) at 19:36
2nd period
3. Eagles , Sam Steel 1 (Tyler Motte 1) at 6:01
4. Punishers , Corey Tropp 2 (Radek Faksa 4) at 13:18
Penalties :
Corey Tropp (Pro) for Hooking (Minor) at 3:30, Tomas Tatar (Col) for Hooking (Minor) at 6:51, Sam Steel (Col) for Tripping (Minor) at 18:09
3rd period
5. Eagles , Anthony Duclair 1 (Tomas Tatar 1, Stefan Elliott 1) at 10:41 (PP)
6. Eagles , Drake Caggiula 1 (Connor Carrick 2) at 13:52 (PP)
7. Eagles , Tomas Tatar 1 (Stefan Elliott 2, Daniel Carr 2) at 14:24
Penalties :
Joseph Blandisi (Col) for Cross-checking (Minor) at 0:41, Anton Blidh (Pro) for Cross-checking (Minor) at 9:09, Oskar Lindblom (Pro) for Cross-checking (Minor) at 11:03, Michael Joly (Pro) for Roughing (Double Minor) at 13:26, Jonathan Marchessault (Col) for Tripping (Minor) at 14:09
Goalie Stats
Louis Domingue (Pro), 31 saves from 36 shots - (0.861), L, 1-1-0, 60:00 minutes
Marek Mazanek (Col), 35 saves from 37 shots - (0.946), W, 1-0-0, 60:00 minutes
Players Stats for Punishers
Player Name G A P +/- PIM S H SB GA TA FO MP PP MP PK MP
------------------------------------------------------------------------------------
Alex Schoenborn 0 0 0 0 0 0 0 0 1 0 1/2 5:37 0:08 0:00
Alexander Nylander 0 0 0 0 0 0 0 0 0 0 0/0 1:03 0:08 0:00
Anton Blidh 0 0 0 0 2 0 0 0 1 0 0/0 11:31 0:00 0:58
Artem Zub 0 0 0 -1 0 3 0 1 0 0 0/0 28:39 4:21 3:46
Austen Brassard 0 0 0 0 0 3 0 2 1 1 0/0 10:33 0:00 0:00
Austin Wagner 0 0 0 0 0 0 0 0 0 0 0/0 0:00 0:00 0:00
Beck Malenstyn 0 0 0 -1 0 0 1 0 0 0 1/1 5:53 0:00 0:00
Ben Betker 0 0 0 0 0 0 0 1 0 0 0/0 20:58 3:52 2:27
Brett Kulak 0 0 0 -1 0 2 1 3 0 2 0/0 28:39 4:21 3:46
Carter Ashton 0 0 0 0 0 2 1 0 0 0 3/3 17:52 3:46 0:58
Corey Tropp 2 0 2 0 2 4 4 3 1 1 4/10 23:12 4:27 2:54
Daniel Audette 0 0 0 0 0 0 2 1 0 0 2/6 7:37 0:00 0:49
Gabriel Gagne 0 0 0 0 0 0 0 0 0 0 1/4 1:59 0:00 1:32
John Hayden 0 0 0 -1 0 1 1 0 0 0 0/1 5:53 0:00 0:00
John Quenneville 0 0 0 0 0 0 1 0 0 0 4/8 16:35 3:46 0:00
Michael Joly 0 0 0 -1 4 3 0 1 0 1 0/0 13:26 0:00 0:00
Nicolas Roy 0 0 0 0 0 0 0 0 0 0 0/0 0:00 0:00 0:00
Niko Mikkola 0 0 0 0 0 1 0 0 0 0 0/0 10:23 0:00 0:00
Noah Juulsen 0 0 0 0 0 0 1 0 1 0 0/0 20:58 3:52 2:27
Oskar Lindblom 0 0 0 0 2 4 0 1 0 1 1/2 16:36 3:46 0:00
Phillip Danault 0 0 0 1 0 3 0 1 0 1 1/1 20:10 4:19 0:58
Radek Faksa 0 2 2 0 0 11 0 0 1 0 19/32 24:27 4:19 4:17
Players Stats for Eagles
Player Name G A P +/- PIM S H SB GA TA FO MP PP MP PK MP
------------------------------------------------------------------------------------
Anthony Duclair 1 0 1 -1 0 2 0 0 0 0 0/0 16:24 3:00 1:23
Connor Carrick 0 2 2 0 0 0 0 1 0 0 0/0 16:22 2:05 3:35
Daniel Carr 0 2 2 1 0 6 3 0 0 1 8/11 22:04 3:13 4:11
Drake Caggiula 1 0 1 -1 0 4 0 0 0 1 8/15 16:18 3:00 1:15
Jared McCann 0 0 0 0 0 1 1 0 0 0 1/5 9:40 0:00 0:00
Jarred Tinordi 0 0 0 0 2 0 1 1 0 0 0/0 15:47 0:00 0:00
John Ramage 0 0 0 0 0 1 1 0 0 1 0/0 24:24 4:08 5:08
Jonathan Marchessault 0 0 0 0 2 0 1 0 1 0 13/35 19:49 3:12 1:54
Jonathan Racine 0 0 0 1 0 1 1 0 0 0 0/0 4:43 0:00 0:00
Joseph Blandisi 0 0 0 0 2 4 0 2 0 1 1/1 12:00 0:00 1:33
Keaton Middleton 0 0 0 1 0 0 0 1 0 0 0/0 4:43 0:00 0:00
Matteson Iacopelli 0 0 0 0 0 1 1 1 0 0 0/0 9:40 0:00 0:00
Nick Cousins 1 0 1 0 0 3 3 1 0 0 1/1 20:23 3:13 2:06
Ryan Murphy 0 0 0 -1 0 3 1 0 1 0 0/0 17:34 2:05 3:05
Sam Steel 1 0 1 1 2 1 1 0 0 0 0/0 7:39 0:00 0:05
Stefan Elliott 0 2 2 1 0 0 1 3 3 2 0/0 27:50 4:08 5:08
Tomas Tatar 1 1 2 0 2 4 0 1 2 0 0/0 19:56 3:00 3:24
Tyler Motte 0 1 1 1 0 1 2 0 0 0 0/0 7:39 0:00 0:05
Xavier Ouellet 0 0 0 0 0 0 0 0 0 0 0/0 9:53 0:00 0:00
Zach Aston-Reese 0 0 0 1 0 4 1 0 0 0 1/2 7:12 0:00 0:00
3 Stars
1 - Marek Mazanek (Col)
2 - Corey Tropp (Pro)
3 - Daniel Carr (Col)
Power Play
Punishers - 0 on 5 Attempt(s) - 0.00%
Eagles - 2 on 5 Attempt(s) - 40.00%
Penalty Kill
Punishers - 3 on 5 Attempt(s) - 60.00%
- Score 0 goal in Penalty Kill
Eagles - 5 on 5 Attempt(s) - 100.00%
- Score 0 goal in Penalty Kill
Team Stat
Punishers - Hits : 12 - Faceoff Wins : 37 - Blocked Shots : 14 - Penalty Minutes : 10
Eagles - Hits : 18 - Faceoff Wins : 33 - Blocked Shots : 11 - Penalty Minutes : 10
Official
Referees : Furman South and Kevin Pollock
Linesman : Tony Sericolo and David Brisebois
Game Notes
Daniel Audette is injured at 14:05 of 2nd period (Back Spasms)
Finance
Level 1 -- Attendance: 2000 (100.00%) -- Ticket Income $70,000
Level 2 -- Attendance: 1000 (100.00%) -- Ticket Income $15,000
Total Attendance: 3000 (100.00%)
Total Ticket Income: $85,000
Other Income: $4,250
Total Income: $89,250
Punishers
5 vs 5 Forward
Center Left Wing Right Wing Time % Phy DF OF
1 Radek Faksa Phillip Danault Corey Tropp 40 1 2 2
2 John Quenneville Oskar Lindblom Carter Ashton 30 1 2 2
3 Daniel Audette Anton Blidh Austen Brassard 20 1 2 2
4 John Hayden Beck Malenstyn Michael Joly 10 1 2 2
5 vs 5 Defense
Defense Defense Time % Phy DF OF
1 Brett Kulak Artem Zub 40 1 2 2
2 Ben Betker Noah Juulsen 30 1 2 2
3 Niko Mikkola Michael Joly 20 1 2 2
4 Brett Kulak Artem Zub 10 1 2 2
PowerPlay Forward
Center Left Wing Right Wing Time % Phy DF OF
1 Radek Faksa Phillip Danault Corey Tropp 60 1 2 2
2 John Quenneville Oskar Lindblom Carter Ashton 40 1 2 2
PowerPlay Defense
Defense Defense Time % Phy DF OF
1 Brett Kulak Artem Zub 60 1 2 2
2 Ben Betker Noah Juulsen 40 1 2 2
Penalty Kill 4 Players Forward
Center Wing Time % Phy DF OF
1 Corey Tropp Radek Faksa 60 1 2 2
2 Carter Ashton Phillip Danault 40 1 2 2
Penalty Kill 4 Players Defense
Defense Defense Time % Phy DF OF
1 Brett Kulak Artem Zub 60 1 2 2
2 Ben Betker Noah Juulsen 40 1 2 2
Penalty Kill - 3 Players Forward
Forward Time % Phy DF OF
1 Corey Tropp 60 1 2 2
2 Radek Faksa 40 1 2 2
Penalty Kill - 3 Players Defense
Defense Defense Time % Phy DF OF
1 Brett Kulak Artem Zub 60 1 2 2
2 Ben Betker Noah Juulsen 40 1 2 2
4 vs 4 Forward
Center Wing Time % Phy DF OF
1 Corey Tropp Radek Faksa 60 1 2 2
2 Carter Ashton Phillip Danault 40 1 2 2
4 vs 4 Defense
Defense Defense Time % Phy DF OF
1 Brett Kulak Artem Zub 60 1 2 2
2 Ben Betker Noah Juulsen 40 1 2 2
Last Minutes Offensive
Center Left Wing Right Wing Defense Defense
Radek Faksa Phillip Danault Corey Tropp Brett Kulak Artem Zub
Last Minutes Defensive
Center Left Wing Right Wing Defense Defense
Radek Faksa Phillip Danault Corey Tropp Brett Kulak Artem Zub
Goaltenders
Starting : Louis Domingue
Backup : Daniel Altshuller
Extra Forwards
Normal : Alex Schoenborn, Alexander Nylander, Gabriel Gagne - PP : Alex Schoenborn, Alexander Nylander - PK : Gabriel Gagne
Extra Defensemen
Normal : Niko Mikkola, Ben Betker, Noah Juulsen - PP : Niko Mikkola - PK : Ben Betker, Noah Juulsen
Penalty Shots
Corey Tropp, Radek Faksa, Carter Ashton, Phillip Danault, John Quenneville
Scratches
Connor Clifton (Healthy), Fredrik Claesson (Healthy), Zack Hamill (Bruised Left Arm Injury), Connor Ingram (Healthy)
Eagles
5 vs 5 Forward
Center Left Wing Right Wing Time % Phy DF OF
1 Jonathan Marchessault Daniel Carr Nick Cousins 40 1 2 2
2 Drake Caggiula Tomas Tatar Anthony Duclair 30 1 2 2
3 Jared McCann Joseph Blandisi Matteson Iacopelli 20 1 2 2
4 Zach Aston-Reese Tyler Motte Sam Steel 10 1 2 2
5 vs 5 Defense
Defense Defense Time % Phy DF OF
1 Stefan Elliott Jarred Tinordi 40 1 2 2
2 Ryan Murphy John Ramage 30 1 2 2
3 Connor Carrick Xavier Ouellet 20 1 2 2
4 Keaton Middleton Jonathan Racine 10 1 2 2
PowerPlay Forward
Center Left Wing Right Wing Time % Phy DF OF
1 Jonathan Marchessault Daniel Carr Nick Cousins 60 1 2 2
2 Drake Caggiula Tomas Tatar Anthony Duclair 40 1 2 2
PowerPlay Defense
Defense Defense Time % Phy DF OF
1 Stefan Elliott John Ramage 60 1 2 2
2 Ryan Murphy Connor Carrick 40 1 2 2
Penalty Kill 4 Players Forward
Center Wing Time % Phy DF OF
1 Daniel Carr Tomas Tatar 60 1 2 2
2 Jonathan Marchessault Nick Cousins 40 1 2 2
Penalty Kill 4 Players Defense
Defense Defense Time % Phy DF OF
1 Stefan Elliott John Ramage 60 1 2 2
2 Ryan Murphy Connor Carrick 40 1 2 2
Penalty Kill - 3 Players Forward
Forward Time % Phy DF OF
1 Daniel Carr 60 1 2 2
2 Tomas Tatar 40 1 2 2
Penalty Kill - 3 Players Defense
Defense Defense Time % Phy DF OF
1 Stefan Elliott John Ramage 60 1 2 2
2 Ryan Murphy Connor Carrick 40 1 2 2
4 vs 4 Forward
Center Wing Time % Phy DF OF
1 Daniel Carr Tomas Tatar 60 1 2 2
2 Jonathan Marchessault Nick Cousins 40 1 2 2
4 vs 4 Defense
Defense Defense Time % Phy DF OF
1 Stefan Elliott John Ramage 60 1 2 2
2 Ryan Murphy Connor Carrick 40 1 2 2
Last Minutes Offensive
Center Left Wing Right Wing Defense Defense
Jonathan Marchessault Daniel Carr Nick Cousins Stefan Elliott John Ramage
Last Minutes Defensive
Center Left Wing Right Wing Defense Defense
Jonathan Marchessault Daniel Carr Nick Cousins Stefan Elliott John Ramage
Goaltenders
Starting : Marek Mazanek
Backup : Adin Hill
Extra Forwards
Normal : Tyler Motte, Sam Steel, Joseph Blandisi - PP : Tyler Motte, Sam Steel - PK : Joseph Blandisi
Extra Defensemen
Normal : Jonathan Racine, Xavier Ouellet, Keaton Middleton - PP : Jonathan Racine - PK : Xavier Ouellet, Keaton Middleton
Penalty Shots
Daniel Carr, Tomas Tatar, Jonathan Marchessault, Nick Cousins, Joseph Blandisi
Scratches
Chris Calhan (Healthy), Dominik Kubalik (Healthy), Mark Friedman (Healthy), Michael Dal Colle (Healthy), Pius Suter (Healthy)
Max Lajoie (Healthy), Pascal Laberge (Healthy), Antoine Bibeau (Healthy)
% Time on Ice - Punishers
Lines # - Real PCT - Wanted PCT - Time Play
Normal Forward
1 - 33% - 40% - 14:37
2 - 29% - 30% - 12:49
3 - 24% - 20% - 10:33
4 - 13% - 10% - 5:53
Normal Defense
1 - 39% - 40% - 17:17
2 - 33% - 30% - 14:24
3 - 24% - 20% - 10:23
4 - 4% - 10% - 1:48
PP Forward
1 - 54% - 60% - 4:27
2 - 46% - 40% - 3:46
PP Defense
1 - 53% - 60% - 4:21
2 - 47% - 40% - 3:52
PK Forward
1 - 84% - 60% - 5:15
2 - 16% - 40% - 0:58
PK Defense
1 - 61% - 60% - 3:46
2 - 39% - 40% - 2:27
PK3 Forward
1 - 0% - 60%
2 - 0% - 40%
PK3 Defense
1 - 0% - 60%
2 - 0% - 40%
44 Forward
1 - 81% - 60% - 1:23
2 - 19% - 40% - 0:19
44 Defense
1 - 85% - 60% - 1:27
2 - 15% - 40% - 0:15
Last Minute Offensive - 0:00
Last Minute Defensive - 0:00
Total
Forward - 60:00
Defense - 60:00
|
% Time on Ice - Eagles
Lines # - Real PCT - Wanted PCT - Time Play
Normal Forward
1 - 31% - 40% - 13:26
2 - 31% - 30% - 13:34
3 - 22% - 20% - 9:40
4 - 16% - 10% - 7:12
Normal Defense
1 - 40% - 40% - 17:26
2 - 27% - 30% - 11:50
3 - 23% - 20% - 9:53
4 - 11% - 10% - 4:43
PP Forward
1 - 52% - 60% - 3:13
2 - 48% - 40% - 3:00
PP Defense
1 - 66% - 60% - 4:08
2 - 34% - 40% - 2:05
PK Forward
1 - 74% - 60% - 6:07
2 - 26% - 40% - 2:06
PK Defense
1 - 62% - 60% - 5:08
2 - 38% - 40% - 3:05
PK3 Forward
1 - 0% - 60%
2 - 0% - 40%
PK3 Defense
1 - 0% - 60%
2 - 0% - 40%
44 Forward
1 - 79% - 60% - 1:21
2 - 21% - 40% - 0:21
44 Defense
1 - 67% - 60% - 1:08
2 - 33% - 40% - 0:34
Last Minute Offensive - 0:00
Last Minute Defensive - 0:00
Total
Forward - 60:00
Defense - 60:00
|
Play-by-Play
1st period
0:01 of 1st period - Radek Faksa wins face-off versus Jonathan Marchessault in neutral zone.
0:30 of 1st period - Slapshot by Joseph Blandisi.
0:30 of 1st period - Shot Blocked by Brett Kulak.
0:32 of 1st period - Snap shot by Joseph Blandisi.
0:32 of 1st period - Stopped by Louis Domingue with a rebound.
0:34 of 1st period - Backhand shot by Ryan Murphy.
0:34 of 1st period - Stopped by Louis Domingue with a rebound.
0:36 of 1st period - Slapshot by Ryan Murphy.
0:36 of 1st period - Stopped by Louis Domingue without a rebound.
0:37 of 1st period - John Quenneville wins face-off versus Drake Caggiula in Punishers zone.
1:13 of 1st period - Wrist shot by Jonathan Marchessault.
1:13 of 1st period - Shot Misses the Net.
1:15 of 1st period - Slapshot by Xavier Ouellet.
1:15 of 1st period - Shot Blocked by Oskar Lindblom.
1:35 of 1st period - Slapshot by Joseph Blandisi.
1:35 of 1st period - Stopped by Louis Domingue without a rebound.
1:36 of 1st period - Daniel Audette wins face-off versus Drake Caggiula in Punishers zone.
2:01 of 1st period - Brett Kulak is hit by Daniel Carr and loses puck.
2:28 of 1st period - Brett Kulak is hit by Jonathan Racine and loses puck.
2:49 of 1st period - Snap shot by Joseph Blandisi.
2:49 of 1st period - Deflect By Matteson Iacopelli.
2:49 of 1st period - Shot Blocked by Austen Brassard.
2:49 of 1st period - Puck is out of play.
2:50 of 1st period - Radek Faksa wins face-off versus Jonathan Marchessault in Punishers zone.
3:38 of 1st period - Joseph Blandisi is hit by Beck Malenstyn and loses puck.
4:21 of 1st period - Snap shot by Daniel Carr.
4:21 of 1st period - Stopped by Louis Domingue with a rebound.
4:23 of 1st period - Snap shot by Daniel Carr.
4:23 of 1st period - Stopped by Louis Domingue without a rebound.
4:24 of 1st period - Radek Faksa wins face-off versus Jonathan Marchessault in Punishers zone.
4:53 of 1st period - Snap shot by Jared McCann.
4:53 of 1st period - Shot Hit the Post.
5:06 of 1st period - Joseph Blandisi is hit by Corey Tropp and loses puck.
5:15 of 1st period - Slapshot by Corey Tropp.
5:15 of 1st period - Shot Misses the Net.
5:17 of 1st period - Wrist shot by Phillip Danault.
5:17 of 1st period - Shot Misses the Net.
5:19 of 1st period - Slapshot by Artem Zub.
5:19 of 1st period - Shot Misses the Net.
5:21 of 1st period - Slapshot by Artem Zub.
5:21 of 1st period - Stopped by Marek Mazanek with a rebound.
5:23 of 1st period - Slapshot by Brett Kulak.
5:23 of 1st period - Shot Blocked by Connor Carrick.
5:25 of 1st period - Snap shot by Radek Faksa.
5:25 of 1st period - Stopped by Marek Mazanek without a rebound.
5:26 of 1st period - Daniel Audette wins face-off versus Drake Caggiula in Eagles zone.
5:27 of 1st period - Wrist shot by Austen Brassard.
5:27 of 1st period - Stopped by Marek Mazanek without a rebound.
5:28 of 1st period - Drake Caggiula wins face-off versus Daniel Audette in Eagles zone.
5:53 of 1st period - Nick Cousins is hit by Carter Ashton and loses puck.
6:26 of 1st period - John Hayden is hit by Ryan Murphy and loses puck.
6:47 of 1st period - Slapshot by Drake Caggiula.
6:47 of 1st period - Shot Misses the Net.
7:21 of 1st period - Snap shot by Daniel Carr.
7:21 of 1st period - Stopped by Louis Domingue without a rebound.
7:22 of 1st period - John Quenneville wins face-off versus Zach Aston-Reese in Punishers zone.
8:07 of 1st period - Wrist shot by Jonathan Marchessault.
8:07 of 1st period - Shot Misses the Net.
8:09 of 1st period - Wrist shot by Nick Cousins.
8:09 of 1st period - Shot Misses the Net.
8:11 of 1st period - Slapshot by Ryan Murphy.
8:11 of 1st period - Deflect By Nick Cousins.
8:11 of 1st period - Shot Blocked by Corey Tropp.
8:11 of 1st period - Puck is out of play.
8:12 of 1st period - Jonathan Marchessault wins face-off versus Radek Faksa in Punishers zone.
8:56 of 1st period - Snap shot by Carter Ashton.
8:56 of 1st period - Stopped by Marek Mazanek with a rebound.
9:22 of 1st period - Snap shot by Anton Blidh.
9:22 of 1st period - Shot Misses the Net.
10:02 of 1st period - Slapshot by Tomas Tatar.
10:02 of 1st period - Shot Misses the Net.
10:18 of 1st period - Snap shot by Radek Faksa.
10:18 of 1st period - Shot Hit the Post.
10:24 of 1st period - Slapshot by Connor Carrick.
10:24 of 1st period - Shot Blocked by Ben Betker.
10:26 of 1st period - Snap shot by Connor Carrick.
10:26 of 1st period - Shot Blocked by Corey Tropp.
10:28 of 1st period - Snap shot by Tyler Motte.
10:28 of 1st period - Stopped by Louis Domingue with a rebound.
11:18 of 1st period - Snap shot by Drake Caggiula.
11:18 of 1st period - Stopped by Louis Domingue with a rebound.
11:20 of 1st period - Wrist shot by Drake Caggiula.
11:20 of 1st period - Stopped by Louis Domingue without a rebound.
11:21 of 1st period - Drake Caggiula wins face-off versus John Quenneville in Punishers zone.
11:28 of 1st period - Snap shot by Tomas Tatar.
11:28 of 1st period - Stopped by Louis Domingue without a rebound.
11:29 of 1st period - Radek Faksa wins face-off versus Jonathan Marchessault in Punishers zone.
11:33 of 1st period - Off-side.
11:34 of 1st period - Radek Faksa wins face-off versus Jonathan Marchessault in neutral zone.
11:39 of 1st period - Wrist shot by Radek Faksa.
11:39 of 1st period - Stopped by Marek Mazanek without a rebound.
11:40 of 1st period - Jonathan Marchessault wins face-off versus Radek Faksa in Eagles zone.
11:40 of 1st period - Jonathan Marchessault is hit by Brett Kulak.
11:54 of 1st period - Snap shot by Nick Cousins.
11:54 of 1st period - Shot Blocked by Phillip Danault.
12:06 of 1st period - Snap shot by Joseph Blandisi.
12:06 of 1st period - Shot Misses the Net.
12:51 of 1st period - Alex Schoenborn is hit by Zach Aston-Reese and loses puck.
12:56 of 1st period - Backhand shot by Zach Aston-Reese.
12:56 of 1st period - Shot Misses the Net.
12:58 of 1st period - Wrist shot by Ryan Murphy.
12:58 of 1st period - Deflect By Zach Aston-Reese.
12:58 of 1st period - Stopped by Louis Domingue with a rebound.
13:10 of 1st period - Wrist shot by Michael Joly.
13:10 of 1st period - Stopped by Marek Mazanek without a rebound.
13:11 of 1st period - Jonathan Marchessault wins face-off versus Radek Faksa in Eagles zone.
13:18 of 1st period - Snap shot by Daniel Carr.
13:18 of 1st period - Stopped by Louis Domingue with a rebound.
13:20 of 1st period - Slapshot by Jonathan Marchessault.
13:20 of 1st period - Shot Misses the Net.
13:22 of 1st period - Snap shot by Jonathan Marchessault.
13:22 of 1st period - Deflect By Nick Cousins.
13:22 of 1st period - Stopped by Louis Domingue with a rebound.
13:24 of 1st period - Wrist shot by Nick Cousins.
13:24 of 1st period - Shot Blocked by Brett Kulak.
13:26 of 1st period - Slapshot by Daniel Carr.
13:26 of 1st period - Stopped by Louis Domingue with a rebound.
13:32 of 1st period - Snap shot by Nick Cousins.
13:32 of 1st period - Goal by Nick Cousins - Punishers : 0 - Eagles : 1.
13:33 of 1st period - Jonathan Marchessault wins face-off versus John Quenneville in neutral zone.
13:49 of 1st period - Off-side.
13:50 of 1st period - Radek Faksa wins face-off versus Drake Caggiula in neutral zone.
13:53 of 1st period - Wrist shot by Corey Tropp.
13:53 of 1st period - Goal by Corey Tropp - Punishers : 1 - Eagles : 1.
13:54 of 1st period - Drake Caggiula wins face-off versus Radek Faksa in neutral zone.
13:57 of 1st period - Wrist shot by Drake Caggiula.
13:57 of 1st period - Shot Misses the Net.
13:59 of 1st period - Snap shot by Tomas Tatar.
13:59 of 1st period - Deflect By Anthony Duclair.
13:59 of 1st period - Shot Misses the Net.
13:59 of 1st period - Puck is out of play.
14:00 of 1st period - Drake Caggiula wins face-off versus Radek Faksa in Punishers zone.
15:15 of 1st period - Slapshot by Jared McCann.
15:15 of 1st period - Stopped by Louis Domingue with a rebound.
15:17 of 1st period - Slapshot by John Ramage.
15:17 of 1st period - Shot Misses the Net.
15:31 of 1st period - Slapshot by Radek Faksa.
15:31 of 1st period - Stopped by Marek Mazanek without a rebound.
15:32 of 1st period - Radek Faksa wins face-off versus Jonathan Marchessault in Eagles zone.
15:57 of 1st period - Brett Kulak is hit by Matteson Iacopelli and loses puck.
16:53 of 1st period - Snap shot by Radek Faksa.
16:53 of 1st period - Stopped by Marek Mazanek with a rebound.
16:55 of 1st period - Slapshot by Artem Zub.
16:55 of 1st period - Stopped by Marek Mazanek without a rebound.
16:56 of 1st period - Nick Cousins wins face-off versus John Quenneville in Eagles zone.
17:50 of 1st period - Snap shot by Joseph Blandisi.
17:50 of 1st period - Shot Misses the Net.
17:52 of 1st period - Snap shot by Jared McCann.
17:52 of 1st period - Shot Misses the Net.
17:54 of 1st period - Backhand shot by Jonathan Racine.
17:54 of 1st period - Stopped by Louis Domingue with a rebound.
19:36 of 1st period - Minor Penalty to Jarred Tinordi for Roughing.
19:37 of 1st period - Daniel Carr wins face-off versus Oskar Lindblom in Eagles zone.
19:44 of 1st period - Slapshot by Daniel Carr.
19:44 of 1st period - Stopped by Louis Domingue with a rebound.
19:52 of 1st period - Snap shot by John Quenneville.
19:52 of 1st period - Shot Blocked by Tomas Tatar.
Goals for this period are 1 for Punishers vs 1 for Eagles.
Shots for this period are 10 for Punishers vs 19 for Eagles.
2nd period
0:01 of 2nd period - Daniel Carr wins face-off versus Radek Faksa in neutral zone.
0:04 of 2nd period - Slapshot by Radek Faksa.
0:04 of 2nd period - Shot Misses the Net.
0:06 of 2nd period - Snap shot by Radek Faksa.
0:06 of 2nd period - Stopped by Marek Mazanek with a rebound.
0:08 of 2nd period - Snap shot by Phillip Danault.
0:08 of 2nd period - Stopped by Marek Mazanek with a rebound.
1:25 of 2nd period - Phillip Danault is hit by Nick Cousins and loses puck.
1:34 of 2nd period - Ben Betker is hit by Nick Cousins and loses puck.
1:36 of 2nd period - Penalty to Jarred Tinordi is over, Jarred Tinordi is back on ice.
1:57 of 2nd period - Snap shot by Jonathan Marchessault.
1:57 of 2nd period - Shot Misses the Net.
2:11 of 2nd period - Ben Betker is hit by Nick Cousins and loses puck.
2:30 of 2nd period - Wrist shot by Carter Ashton.
2:30 of 2nd period - Shot Misses the Net.
2:42 of 2nd period - Icing by Sam Steel.
2:43 of 2nd period - Zach Aston-Reese wins face-off versus Daniel Audette in Eagles zone.
2:43 of 2nd period - Zach Aston-Reese is hit by Daniel Audette.
3:03 of 2nd period - Snap shot by Zach Aston-Reese.
3:03 of 2nd period - Shot Misses the Net.
3:05 of 2nd period - Slapshot by John Ramage.
3:05 of 2nd period - Stopped by Louis Domingue with a rebound.
3:11 of 2nd period - Wrist shot by Tyler Motte.
3:11 of 2nd period - Shot Blocked by Austen Brassard.
3:13 of 2nd period - Slapshot by Zach Aston-Reese.
3:13 of 2nd period - Shot Hit the Post.
3:15 of 2nd period - Snap shot by Zach Aston-Reese.
3:15 of 2nd period - Stopped by Louis Domingue with a rebound.
3:19 of 2nd period - Snap shot by Zach Aston-Reese.
3:19 of 2nd period - Stopped by Louis Domingue without a rebound.
3:20 of 2nd period - Drake Caggiula wins face-off versus Radek Faksa in Punishers zone.
3:30 of 2nd period - Minor Penalty to Corey Tropp for Hooking.
3:31 of 2nd period - Gabriel Gagne wins face-off versus Jonathan Marchessault in Punishers zone.
3:41 of 2nd period - Wrist shot by Radek Faksa.
3:41 of 2nd period - Stopped by Marek Mazanek without a rebound.
3:42 of 2nd period - Jonathan Marchessault wins face-off versus Gabriel Gagne in Eagles zone.
3:51 of 2nd period - Slapshot by John Ramage.
3:51 of 2nd period - Shot Misses the Net.
3:55 of 2nd period - Slapshot by Nick Cousins.
3:55 of 2nd period - Stopped by Louis Domingue without a rebound.
3:56 of 2nd period - Jonathan Marchessault wins face-off versus Gabriel Gagne in Punishers zone.
4:19 of 2nd period - Daniel Carr is hit by Daniel Audette.
5:05 of 2nd period - Noah Juulsen is hit by John Ramage and loses puck.
5:30 of 2nd period - Penalty to Corey Tropp is over, Corey Tropp is back on ice.
5:40 of 2nd period - Brett Kulak is hit by Jared McCann and loses puck.
5:59 of 2nd period - Backhand shot by Sam Steel.
5:59 of 2nd period - Shot Misses the Net.
6:01 of 2nd period - Snap shot by Sam Steel.
6:01 of 2nd period - Goal by Sam Steel - Punishers : 1 - Eagles : 2.
6:02 of 2nd period - Radek Faksa wins face-off versus Jonathan Marchessault in neutral zone.
6:09 of 2nd period - Snap shot by Phillip Danault.
6:09 of 2nd period - Stopped by Marek Mazanek without a rebound.
6:10 of 2nd period - Radek Faksa wins face-off versus Jonathan Marchessault in Eagles zone.
6:51 of 2nd period - Minor Penalty to Tomas Tatar for Hooking.
6:52 of 2nd period - Daniel Carr wins face-off versus Radek Faksa in Eagles zone.
8:45 of 2nd period - Stefan Elliott is hit by Corey Tropp and loses puck.
8:51 of 2nd period - Penalty to Tomas Tatar is over, Tomas Tatar is back on ice.
9:21 of 2nd period - Nick Cousins is hit by John Hayden and loses puck.
9:28 of 2nd period - Wrist shot by John Hayden.
9:28 of 2nd period - Deflect By Michael Joly.
9:28 of 2nd period - Stopped by Marek Mazanek with a rebound.
9:30 of 2nd period - Slapshot by Artem Zub.
9:30 of 2nd period - Deflect By Daniel Carr.
9:30 of 2nd period - Stopped by Marek Mazanek without a rebound.
9:31 of 2nd period - Jared McCann wins face-off versus Daniel Audette in Eagles zone.
9:40 of 2nd period - Wrist shot by Joseph Blandisi.
9:40 of 2nd period - Stopped by Louis Domingue without a rebound.
9:41 of 2nd period - Joseph Blandisi wins face-off versus Daniel Audette in Punishers zone.
9:42 of 2nd period - Wrist shot by Matteson Iacopelli.
9:42 of 2nd period - Stopped by Louis Domingue with a rebound.
9:44 of 2nd period - Wrist shot by Keaton Middleton.
9:44 of 2nd period - Deflect By Matteson Iacopelli.
9:44 of 2nd period - Shot Misses the Net.
9:44 of 2nd period - Puck is out of play.
9:45 of 2nd period - Radek Faksa wins face-off versus Jonathan Marchessault in Punishers zone.
10:32 of 2nd period - Backhand shot by Anton Blidh.
10:32 of 2nd period - Shot Blocked by Joseph Blandisi.
10:34 of 2nd period - Backhand shot by Daniel Audette.
10:34 of 2nd period - Shot Misses the Net.
10:36 of 2nd period - Wrist shot by Anton Blidh.
10:36 of 2nd period - Deflect By Daniel Audette.
10:36 of 2nd period - Shot Blocked by Joseph Blandisi.
10:36 of 2nd period - Puck is out of play.
10:37 of 2nd period - Radek Faksa wins face-off versus Jonathan Marchessault in Eagles zone.
10:40 of 2nd period - Snap shot by Radek Faksa.
10:40 of 2nd period - Shot Misses the Net.
10:42 of 2nd period - Snap shot by Corey Tropp.
10:42 of 2nd period - Shot Blocked by Jarred Tinordi.
10:44 of 2nd period - Slapshot by Brett Kulak.
10:44 of 2nd period - Stopped by Marek Mazanek with a rebound.
10:48 of 2nd period - Wrist shot by Corey Tropp.
10:48 of 2nd period - Stopped by Marek Mazanek with a rebound.
10:52 of 2nd period - Wrist shot by Radek Faksa.
10:52 of 2nd period - Stopped by Marek Mazanek without a rebound.
10:53 of 2nd period - Carter Ashton wins face-off versus Drake Caggiula in Eagles zone.
10:56 of 2nd period - Slapshot by Carter Ashton.
10:56 of 2nd period - Shot Misses the Net.
11:51 of 2nd period - Snap shot by Nick Cousins.
11:51 of 2nd period - Shot Misses the Net.
12:35 of 2nd period - Michael Joly is hit by Tyler Motte and loses puck.
12:46 of 2nd period - Anton Blidh is hit by Jonathan Marchessault.
13:04 of 2nd period - Wrist shot by Austen Brassard.
13:04 of 2nd period - Stopped by Marek Mazanek without a rebound.
13:05 of 2nd period - Radek Faksa wins face-off versus Jared McCann in Eagles zone.
13:16 of 2nd period - Snap shot by Corey Tropp.
13:16 of 2nd period - Deflect By Radek Faksa.
13:16 of 2nd period - Shot Misses the Net.
13:16 of 2nd period - Puck is out of play.
13:17 of 2nd period - Radek Faksa wins face-off versus Jonathan Marchessault in Eagles zone.
13:18 of 2nd period - Wrist shot by Corey Tropp.
13:18 of 2nd period - Goal by Corey Tropp - Punishers : 2 - Eagles : 2.
13:19 of 2nd period - Radek Faksa wins face-off versus Jonathan Marchessault in neutral zone.
13:34 of 2nd period - Snap shot by Phillip Danault.
13:34 of 2nd period - Shot Misses the Net.
14:05 of 2nd period - Slapshot by Jarred Tinordi.
14:05 of 2nd period - Shot Blocked by Daniel Audette.
14:05 of 2nd period - Daniel Audette from Punishers is injured at 14:05 of 2nd period (Back Spasms).
14:06 of 2nd period - Radek Faksa wins face-off versus Jonathan Marchessault in Punishers zone.
14:21 of 2nd period - Snap shot by Corey Tropp.
14:21 of 2nd period - Stopped by Marek Mazanek without a rebound.
14:22 of 2nd period - Oskar Lindblom wins face-off versus Drake Caggiula in Eagles zone.
15:09 of 2nd period - Off-side.
15:10 of 2nd period - Alex Schoenborn wins face-off versus Jared McCann in neutral zone.
15:23 of 2nd period - Off-side.
15:24 of 2nd period - Corey Tropp wins face-off versus Jonathan Marchessault in neutral zone.
15:59 of 2nd period - Icing by Noah Juulsen.
16:00 of 2nd period - John Quenneville wins face-off versus Drake Caggiula in Punishers zone.
16:00 of 2nd period - John Quenneville is hit by Stefan Elliott.
16:18 of 2nd period - Snap shot by Oskar Lindblom.
16:18 of 2nd period - Stopped by Marek Mazanek with a rebound.
16:20 of 2nd period - Wrist shot by Oskar Lindblom.
16:20 of 2nd period - Stopped by Marek Mazanek with a rebound.
16:22 of 2nd period - Snap shot by Noah Juulsen.
16:22 of 2nd period - Shot Misses the Net.
16:24 of 2nd period - Wrist shot by John Quenneville.
16:24 of 2nd period - Shot Blocked by Stefan Elliott.
16:26 of 2nd period - Snap shot by John Quenneville.
16:26 of 2nd period - Deflect By Oskar Lindblom.
16:26 of 2nd period - Stopped by Marek Mazanek with a rebound.
16:28 of 2nd period - Snap shot by Oskar Lindblom.
16:28 of 2nd period - Stopped by Marek Mazanek without a rebound.
16:29 of 2nd period - Radek Faksa wins face-off versus Jonathan Marchessault in Eagles zone.
17:55 of 2nd period - John Ramage is hit by Corey Tropp and loses puck.
18:00 of 2nd period - Wrist shot by Radek Faksa.
18:00 of 2nd period - Shot Misses the Net.
18:09 of 2nd period - Minor Penalty to Sam Steel for Tripping.
18:10 of 2nd period - Radek Faksa wins face-off versus Daniel Carr in Eagles zone.
18:16 of 2nd period - Snap shot by Radek Faksa.
18:16 of 2nd period - Stopped by Marek Mazanek without a rebound.
18:17 of 2nd period - Daniel Carr wins face-off versus Radek Faksa in Eagles zone.
18:52 of 2nd period - Slapshot by John Quenneville.
18:52 of 2nd period - Shot Misses the Net.
Goals for this period are 1 for Punishers vs 1 for Eagles.
Shots for this period are 17 for Punishers vs 7 for Eagles.
3rd period
0:01 of 3rd period - Daniel Carr wins face-off versus Radek Faksa in neutral zone.
0:09 of 3rd period - Penalty to Sam Steel is over, Sam Steel is back on ice.
0:41 of 3rd period - Minor Penalty to Joseph Blandisi for Cross-checking.
0:42 of 3rd period - Daniel Carr wins face-off versus Radek Faksa in Eagles zone.
0:57 of 3rd period - Slapshot by Tomas Tatar.
0:57 of 3rd period - Shot Misses the Net.
1:09 of 3rd period - Ryan Murphy is hit by John Quenneville and loses puck.
2:20 of 3rd period - Carter Ashton is hit by Daniel Carr and loses puck.
2:41 of 3rd period - Penalty to Joseph Blandisi is over, Joseph Blandisi is back on ice.
2:54 of 3rd period - Snap shot by John Hayden.
2:54 of 3rd period - Stopped by Marek Mazanek with a rebound.
2:56 of 3rd period - Slapshot by Niko Mikkola.
2:56 of 3rd period - Shot Blocked by Stefan Elliott.
2:58 of 3rd period - Snap shot by Niko Mikkola.
2:58 of 3rd period - Stopped by Marek Mazanek with a rebound.
3:00 of 3rd period - Slapshot by Niko Mikkola.
3:00 of 3rd period - Shot Blocked by Stefan Elliott.
3:02 of 3rd period - Wrist shot by Beck Malenstyn.
3:02 of 3rd period - Shot Blocked by Nick Cousins.
3:23 of 3rd period - Slapshot by Zach Aston-Reese.
3:23 of 3rd period - Shot Blocked by Michael Joly.
3:43 of 3rd period - Wrist shot by Tomas Tatar.
3:43 of 3rd period - Stopped by Louis Domingue without a rebound.
3:44 of 3rd period - Drake Caggiula wins face-off versus John Hayden in Punishers zone.
4:12 of 3rd period - Snap shot by Corey Tropp.
4:12 of 3rd period - Deflect By Radek Faksa.
4:12 of 3rd period - Shot Misses the Net.
4:12 of 3rd period - Puck is out of play.
4:13 of 3rd period - Radek Faksa wins face-off versus Jared McCann in Eagles zone.
4:16 of 3rd period - Snap shot by Radek Faksa.
4:16 of 3rd period - Shot Blocked by Matteson Iacopelli.
4:18 of 3rd period - Wrist shot by Radek Faksa.
4:18 of 3rd period - Shot Misses the Net.
4:20 of 3rd period - Snap shot by Phillip Danault.
4:20 of 3rd period - Shot Blocked by Keaton Middleton.
4:22 of 3rd period - Wrist shot by Artem Zub.
4:22 of 3rd period - Deflect By Radek Faksa.
4:22 of 3rd period - Stopped by Marek Mazanek with a rebound.
5:06 of 3rd period - Wrist shot by Anton Blidh.
5:06 of 3rd period - Shot Misses the Net.
5:08 of 3rd period - Snap shot by Austen Brassard.
5:08 of 3rd period - Stopped by Marek Mazanek without a rebound.
5:09 of 3rd period - Jonathan Marchessault wins face-off versus Radek Faksa in Eagles zone.
5:24 of 3rd period - Slapshot by Nick Cousins.
5:24 of 3rd period - Shot Misses the Net.
6:22 of 3rd period - Wrist shot by Joseph Blandisi.
6:22 of 3rd period - Stopped by Louis Domingue with a rebound.
6:24 of 3rd period - Backhand shot by Sam Steel.
6:24 of 3rd period - Shot Misses the Net.
6:26 of 3rd period - Slapshot by Ryan Murphy.
6:26 of 3rd period - Shot Blocked by Artem Zub.
6:28 of 3rd period - Wrist shot by Zach Aston-Reese.
6:28 of 3rd period - Shot Misses the Net.
6:34 of 3rd period - Snap shot by Zach Aston-Reese.
6:34 of 3rd period - Deflect By Sam Steel.
6:34 of 3rd period - Shot Blocked by Corey Tropp.
6:34 of 3rd period - Puck is out of play.
6:35 of 3rd period - John Quenneville wins face-off versus Jonathan Marchessault in Punishers zone.
7:24 of 3rd period - Off-side.
7:25 of 3rd period - Beck Malenstyn wins face-off versus Jared McCann in neutral zone.
7:36 of 3rd period - Wrist shot by John Hayden.
7:36 of 3rd period - Shot Misses the Net.
7:38 of 3rd period - Snap shot by John Hayden.
7:38 of 3rd period - Deflect By Michael Joly.
7:38 of 3rd period - Stopped by Marek Mazanek without a rebound.
7:39 of 3rd period - Phillip Danault wins face-off versus Jonathan Marchessault in Eagles zone.
7:40 of 3rd period - Wrist shot by Corey Tropp.
7:40 of 3rd period - Shot Misses the Net.
7:52 of 3rd period - Wrist shot by Corey Tropp.
7:52 of 3rd period - Deflect By Phillip Danault.
7:52 of 3rd period - Stopped by Marek Mazanek without a rebound.
7:53 of 3rd period - Jonathan Marchessault wins face-off versus Radek Faksa in Eagles zone.
7:53 of 3rd period - Jonathan Marchessault is hit by Corey Tropp.
9:09 of 3rd period - Minor Penalty to Anton Blidh for Cross-checking.
9:10 of 3rd period - Jonathan Marchessault wins face-off versus Corey Tropp in Punishers zone.
10:35 of 3rd period - Slapshot by Anthony Duclair.
10:35 of 3rd period - Stopped by Louis Domingue with a rebound.
10:37 of 3rd period - Snap shot by Stefan Elliott.
10:37 of 3rd period - Shot Blocked by Brett Kulak.
10:39 of 3rd period - Slapshot by Tomas Tatar.
10:39 of 3rd period - Stopped by Louis Domingue with a rebound.
10:41 of 3rd period - Snap shot by Anthony Duclair.
10:41 of 3rd period - Goal by Anthony Duclair - Punishers : 2 - Eagles : 3.
10:42 of 3rd period - Carter Ashton wins face-off versus Jonathan Marchessault in neutral zone.
11:03 of 3rd period - Minor Penalty to Oskar Lindblom for Cross-checking.
11:04 of 3rd period - Jonathan Marchessault wins face-off versus Corey Tropp in Punishers zone.
12:28 of 3rd period - Icing by Jonathan Marchessault.
12:29 of 3rd period - Jonathan Marchessault wins face-off versus Gabriel Gagne in Eagles zone.
13:03 of 3rd period - Penalty to Oskar Lindblom is over, Oskar Lindblom is back on ice.
13:26 of 3rd period - Double Minor Penalty to Michael Joly for Roughing.
13:27 of 3rd period - Corey Tropp wins face-off versus Jonathan Marchessault in Punishers zone.
13:36 of 3rd period - Slapshot by Connor Carrick.
13:36 of 3rd period - Shot Misses the Net.
13:52 of 3rd period - Snap shot by Drake Caggiula.
13:52 of 3rd period - Goal by Drake Caggiula - Punishers : 2 - Eagles : 4.
13:53 of 3rd period - Jonathan Marchessault wins face-off versus Corey Tropp in neutral zone.
13:56 of 3rd period - Snap shot by Radek Faksa.
13:56 of 3rd period - Stopped by Marek Mazanek without a rebound.
13:57 of 3rd period - Corey Tropp wins face-off versus Jonathan Marchessault in Eagles zone.
14:06 of 3rd period - Snap shot by Corey Tropp.
14:06 of 3rd period - Deflect By Radek Faksa.
14:06 of 3rd period - Deflect By Stefan Elliott.
14:06 of 3rd period - Shot Misses the Net.
14:06 of 3rd period - Puck is out of play.
14:07 of 3rd period - Jonathan Marchessault wins face-off versus Corey Tropp in Eagles zone.
14:09 of 3rd period - Minor Penalty to Jonathan Marchessault for Tripping.
14:10 of 3rd period - Corey Tropp wins face-off versus Daniel Carr in Eagles zone.
14:10 of 3rd period - Slapshot by Radek Faksa.
14:10 of 3rd period - Shot Misses the Net.
14:24 of 3rd period - Snap shot by Tomas Tatar.
14:24 of 3rd period - Goal by Tomas Tatar - Punishers : 2 - Eagles : 5.
14:25 of 3rd period - Daniel Carr wins face-off versus Corey Tropp in neutral zone.
14:38 of 3rd period - Slapshot by Brett Kulak.
14:38 of 3rd period - Deflect By Tomas Tatar.
14:38 of 3rd period - Stopped by Marek Mazanek with a rebound.
14:40 of 3rd period - Wrist shot by Radek Faksa.
14:40 of 3rd period - Stopped by Marek Mazanek without a rebound.
14:41 of 3rd period - Daniel Carr wins face-off versus Corey Tropp in Eagles zone.
15:04 of 3rd period - Radek Faksa is hit by Daniel Carr and loses puck.
15:52 of 3rd period - Penalty to Michael Joly is over, Michael Joly is back on ice.
16:09 of 3rd period - Penalty to Jonathan Marchessault is over, Jonathan Marchessault is back on ice.
16:36 of 3rd period - Michael Joly is hit by Tyler Motte and loses puck.
17:38 of 3rd period - Icing by Phillip Danault.
17:39 of 3rd period - Radek Faksa wins face-off versus Daniel Carr in Punishers zone.
17:44 of 3rd period - Snap shot by Carter Ashton.
17:44 of 3rd period - Stopped by Marek Mazanek with a rebound.
17:46 of 3rd period - Backhand shot by Artem Zub.
17:46 of 3rd period - Deflect By John Quenneville.
17:46 of 3rd period - Shot Misses the Net.
17:46 of 3rd period - Puck is out of play.
17:47 of 3rd period - Drake Caggiula wins face-off versus John Quenneville in Eagles zone.
18:14 of 3rd period - Stefan Elliott is hit by Noah Juulsen and loses puck.
18:25 of 3rd period - Phillip Danault is hit by Jarred Tinordi and loses puck.
18:36 of 3rd period - Phillip Danault is hit by Sam Steel and loses puck.
18:47 of 3rd period - Snap shot by Ryan Murphy.
18:47 of 3rd period - Stopped by Louis Domingue with a rebound.
18:49 of 3rd period - Slapshot by Zach Aston-Reese.
18:49 of 3rd period - Stopped by Louis Domingue without a rebound.
18:50 of 3rd period - Carter Ashton wins face-off versus Jonathan Marchessault in Punishers zone.
19:22 of 3rd period - Wrist shot by Tomas Tatar.
19:22 of 3rd period - Shot Misses the Net.
19:24 of 3rd period - Slapshot by Tomas Tatar.
19:24 of 3rd period - Deflect By Anthony Duclair.
19:24 of 3rd period - Shot Misses the Net.
19:24 of 3rd period - Puck is out of play.
19:25 of 3rd period - Drake Caggiula wins face-off versus Alex Schoenborn in Punishers zone.
19:59 of 3rd period - Snap shot by Drake Caggiula.
19:59 of 3rd period - Stopped by Louis Domingue with a rebound.
Goals for this period are 0 for Punishers vs 3 for Eagles.
Shots for this period are 10 for Punishers vs 10 for Eagles.
Output by the SimonT Hockey Simulator (STHS) for Francois Prevost